 Dungeon Crawl Stone Soup version 0.29-a0-993-g4a18f31a58 (webtiles) character file.

Game seed: 13934859797732060815

7 vurker the Sneak (level 2, 14/14 HPs)
             Began as a Vine Stalker Enchanter on Aug 2, 2022.
             Was a Plaything of Xom.
             Quit the game on level 1 of the Dungeon.
             The game lasted 00:00:28 (388 turns).

vurker the Sneak (Vine Stalker Enchanter)            Turns: 388, Time: 00:00:29

Health: 14/14      AC:  2    Str: 10    XL:     2   Next: 0%
Magic:  6/6        EV: 12    Int: 15    God:    Xom [..*...]
Gold:   19         SH:  0    Dex: 14    Spells: 5/5 levels left

rFire   . . .      SeeInvis .   a - +1 dagger
rCold   . . .      Faith    .   (no shield)
rNeg    . . .      Spirit   +   b - +0 robe
rPois   .          Reflect  .   (no helmet)
rElec   .          Harm     .   (no cloak)
rCorr   .          Rampage  .   (no gloves)
Will    +....                   (no boots)
Stlth   ++........              (no amulet)
HPRegen 0.04/turn               d - ring of willpower
MPRegen 0.10/turn               (no ring)

@: no status effects
A: fangs 2, magic shield, antimagic bite, no potion heal 2
a: Renounce Religion


You were on level 1 of the Dungeon.
You worshipped Xom.
You were a toy of Xom.
You visited 1 branch of the dungeon, and saw 2 of its levels.

You collected 19 gold pieces.

Inventory:

Hand Weapons
 a - a +1 dagger (weapon)
Armour
 b - a +0 robe (worn)
Jewellery
 d - a ring of willpower (left hand)
   (You found it on level 1 of the Dungeon)
Scrolls
 e - a scroll of butterflies {unknown}
Potions
 c - 3 potions of invisibility


   Skills:
 + Level 0.5 Fighting
 - Level 0.8 Short Blades
 - Level 1.5 Dodging
 - Level 3.6 Stealth
 * Level 1.1 Unarmed Combat
 - Level 2.1 Spellcasting
 - Level 3.0 Hexes


You had 5 spell levels left.
You didn't know any spells.
Your spell library contained the following spells:

 Spells                   Type           Power      Damage    Failure   Level
 Ensorcelled Hibernation  Hex/Ice        12%        N/A       19%         2
 Confusing Touch          Hex            10%        N/A       19%         3
 Tukima's Dance           Hex            10%        N/A       19%         3
 Scorch                   Fire           2%         2d5       32%         2
 Dazzling Flash           Conj/Hex       12%        N/A       34%         3
 Flame Wave               Conj/Fire      1%         2d4       91%         4
 Summon Cactus Giant      Summ           0%         N/A       100%        6


Dungeon Overview and Level Annotations

Branches:
Dungeon (2/15)

Altars:
Xom


Innate Abilities, Weirdness & Mutations

You have extremely sharp teeth.
When hurt, damage is shared between your health and your magic reserves.
Your bite disrupts and absorbs the magic of your enemies.
Potions cannot restore your health.


Message History

You hit the jackal but do no damage. The jackal barely misses you.
The jackal bites you. The jackal closely misses you.
You hit the jackal but do no damage. You bite the jackal. You drain its power.
You feel invigorated.
The jackal bites you but does no damage.
The jackal bites you.
You hit the jackal.
You kill the jackal!
The jackal closely misses you.
You hit the jackal. You bite the jackal, but do no damage.
The jackal bites you. The jackal barely misses you.
You completely miss the jackal. Your bite misses the jackal.
The jackal barely misses you. The jackal bites you. x2
The jackal barely misses you.
You hit the jackal. Your bite misses the jackal.
The jackal barely misses you. x2
You hit the jackal but do no damage. You bite the jackal, but do no damage.
The jackal barely misses you. The jackal misses you.
The jackal bites you but does no damage.
You hit the jackal.
You kill the jackal!
The jackal bites you.
* * * LOW HITPOINT WARNING * * *
The jackal bites you but does no damage.
Your Unarmed Combat skill increases to level 1!
You barely miss the jackal. Your punch misses the jackal.
Your bite misses the jackal. The jackal bites you.
* * * LOW HITPOINT WARNING * * *
Unknown command.
You hit the jackal but do no damage. The jackal misses you.
You hit the jackal. You bite the jackal. You drain its power.
You feel invigorated.
The jackal bites you but does no damage.
The jackal bites you.
* * * LOW HITPOINT WARNING * * *
You hit the jackal but do no damage. You bite the jackal.
You kill the jackal!
You have reached level 2!
You start resting.
Found 16 gold pieces.
You now have 19 gold pieces (gained 8).
You start resting.
Found a scroll labelled COSOEQ KIF POU.
Found a faded altar of an unknown god.
A goblin comes into view. It is wielding a +0 dagger.
The goblin shouts!
There is a faded altar of an unknown god here.
You cannot tell which god this altar belongs to.
Convert to them anyway?
Xom accepts your prayer! Xom welcomes you!
Xom is extremely interested.

......รท..#...#
...#.###.....#
#.......#
#.#####.##########
#.#.............g.
#.##.##.##.######
#. # #.#8.8# #$
#.##.## #. #.#8@8#
#. #.##.## #.#8.8
.?##.## #.# #..
#.# #+#


There were no monsters in sight!

Vanquished Creatures
  A dart slug (D:1)
  3 jackals (D:1)
4 creatures vanquished.

Notes
Turn   | Place    | Note
-------+----------+-------------------------------------------
     0 | D:1      | vurker the Vine Stalker Enchanter began the quest for the
                  | Orb.
     0 | D:1      | Reached XP level 1. HP: 9/9 MP: 4/4
    29 | D:1      | You fall into a shaft and drop 1 floor!
    91 | D:1      | Reached skill level 1 in Unarmed Combat
    95 | D:1      | Reached XP level 2. HP: 2/14 MP: 4/6
   382 | D:1      | Found a faded altar of an unknown god.
   387 | D:1      | Prayed at the altar of an unknown god.
   387 | D:1      | Became a worshipper of Xom of Chaos
   388 | D:1      | Quit the game

Illustrated notes

Levels and vault maps discovered:
D:1:      dpeg_arrival_houses_and_road, layout_basic,
          ebering_ecumenical_altar_hall, corexii_hall_statues_x,
          minmay_pentomino_x2
D:2:      minmay_skewed_foursquare, layout_loops_ring, serial_shops, shop

Skill      XL: |  1 |
---------------+----+-----
Unarmed Combat | 1 |  1.1
Fighting       | |  0.5
Short Blades   | |  0.8
Dodging        | |  1.5
Stealth        | |  3.6
Spellcasting   | |  2.1
Hexes          | |  3.0

Action                   || total
-------------------------++-------
Melee: Dagger            ||    19
       Bite              ||     7
Armor: Robe              ||     5
Dodge: Dodged            ||    15

Table legend: (Time is in decaauts)
 A = Elapsed time spent in this place.
 B = Non-inter-level travel time spent in this place.
 C = Inter-level travel time spent in this place.
 D = Time resting spent in this place.
 E = Time spent auto-exploring this place.
 F = Levels seen in this place.
 G = Mean time per level.
                   A        B        C        D        E       F      G
               +--------+--------+--------+--------+--------+-----+--------+
         Total |    386 |    386 |      0 |    277 |     49 |   2 |  193.0 |
       Dungeon |    386 |    386 |      0 |    277 |     49 |   2 |  193.0 |
               +--------+--------+--------+--------+--------+-----+--------+

Top non-repeatable levels by time:
     D:1: 379 daAuts
     D:2: 6 daAuts
